 Dungeon Crawl Stone Soup version 0.28.0-45-g0d030f2227 (webtiles) character file.

Game seed: 18294587094696751350

70 GigaChad the Covered (level 4, -2/40 HPs)
             Began as a Minotaur Fighter on Apr 19, 2022.
             Slain by a gnoll
             ... wielding a +0 spear
              (7 damage)
             ... on level 3 of the Dungeon.
             The game lasted 00:03:56 (1375 turns).

GigaChad the Covered (Minotaur Fighter)             Turns: 1375, Time: 00:03:57

Health: -2/40      AC:  7    Str: 20    XL:     4   Next: 4%
Magic:  3/3        EV:  9    Int:  5    God:
Gold:   87         SH:  5    Dex: 12    Spells: 3/3 levels left

rFire   . . .      SeeInvis +   a - +0 long sword
rCold   . . .      Faith    .   c - +0 buckler
rNeg    . . .      Spirit   .   b - +0 scale mail
rPois   .          Reflect  .   (helmet restricted)
rElec   .          Harm     .   (no cloak)
rCorr   .          Rampage  .   (no gloves)
Will    .....                   (no boots)
Stlth   ..........              (no amulet)
HPRegen 0.13/turn               j - ring of see invisible
MPRegen 0.08/turn               (no ring)

@: no status effects
A: horns 2, retaliatory headbutt
a: no special abilities


You were on level 3 of the Dungeon.
You visited 1 branch of the dungeon, and saw 3 of its levels.

You collected 87 gold pieces.

Inventory:

Hand Weapons
 a - a +0 long sword (weapon)
Missiles
 g - 6 javelins (quivered)
 h - 30 arrows
Armour
 b - a +0 scale mail (worn)
 c - a +0 buckler (worn)
Jewellery
 j - a ring of see invisible (left hand)
 m - a ring of see invisible
Scrolls
 e - a scroll of teleportation
 l - a scroll of identify {unknown}
Potions
 d - a potion of might
 f - a potion of brilliance {unknown}
 i - 2 potions of curing {unknown}
 k - a potion of cancellation {unknown}


   Skills:
 + Level 4.3 Fighting
 + Level 3.2 Long Blades
 + Level 4.3 Armour
 + Level 0.5 Dodging
 + Level 0.1 Stealth
 + Level 4.2 Shields


You had 3 spell levels left.
You didn't know any spells.
Your spell library was empty.

Dungeon Overview and Level Annotations

Branches:
Dungeon (3/15)

Altars:

Shops:
D:3 (


Innate Abilities, Weirdness & Mutations

You have a pair of horns on your head.
You reflexively headbutt those who attack you in melee.


Message History

The gnoll shaman calls upon its god to heal the gnoll.
The gnoll's wounds heal themselves!
You block the gnoll's attack.
The gnoll hits you from afar with a +0 spear.
You hit the gnoll shaman. Your headbutt misses the gnoll shaman.
The gnoll shaman is lightly wounded.
The gnoll hits you from afar with a +0 spear.
The gnoll shaman hits you with a +0 whip.
The gnoll hits you with a +0 club. The gnoll hits you but does no damage.
The gnoll barely misses you.
You hit the gnoll shaman.
The gnoll shaman is moderately wounded.
You block the gnoll's attack. The gnoll hits you but does no damage.
You hit the gnoll but do no damage. The gnoll hits you but does no damage.
The gnoll hits you from afar with a +0 spear.
The gnoll hits you but does no damage.
The gnoll shaman hits you with a +0 whip.
The gnoll hits you with a +0 club!
* * * LOW HITPOINT WARNING * * *
You completely miss the gnoll. Your headbutt misses the gnoll.
You block the gnoll's attack. x2; You block the gnoll shaman's attack.
The gnoll closely misses you. You furiously retaliate!
You headbutt the gnoll! You slash the gnoll!
You kill the gnoll!
The gnoll hits you but does no damage.
The gnoll shaman hits you but does no damage.
The gnoll hits you from afar with a +0 spear.
* * * LOW HITPOINT WARNING * * *
You slash the gnoll! You headbutt the gnoll.
You kill the gnoll!
The gnoll shaman mumbles some strange prayers to its god against you.
You resist with significant effort. You block the gnoll's attack.
The gnoll shaman barely misses you. You furiously retaliate!
You headbutt the gnoll shaman, but do no damage.
You have reached level 4!
You feel agile.
You barely miss the gnoll shaman.
The gnoll shaman is lightly wounded.
The gnoll closely misses you.
The gnoll hits you from afar with a +0 spear!
You die...

# ###.. # ....#
.#....#. ##..#
#.#...!$ . ...#
.......# .# ..##
###.. ....#...
..########...
.g....
...#........# #gg.
#......####.####)#
........(...)..g@#
#............(.###
#.........#)##.#
.........##.####
#............
+..#.###....>.
#....# .......#
....## ......##
.... ..>....#


You could see a gnoll shaman and 3 gnolls.

Vanquished Creatures
  An adder (D:2)
  3 gnolls (D:3)
  2 dart slugs
  4 ball pythons
  2 bats
  2 endoplasms (D:1)
  A giant cockroach (D:1)
  2 hobgoblins (D:1)
  2 kobolds
  A quokka (D:2)
  8 frilled lizards
  2 goblins
  A rat (D:2)
31 creatures vanquished.

Notes
Turn   | Place    | Note
-------+----------+-------------------------------------------
     0 | D:1      | GigaChad the Minotaur Fighter began the quest for the Orb.
     0 | D:1      | Reached XP level 1. HP: 19/19 MP: 0/0
   445 | D:1      | Reached XP level 2. HP: 27/27 MP: 1/1
   860 | D:2      | Reached XP level 3. HP: 12/33 MP: 2/2
  1305 | D:3      | Found Madit's Weapon Boutique.
  1375 | D:3      | Reached XP level 4. HP: 5/40 MP: 3/3
  1375 | D:3      | Slain by a gnoll

Illustrated notes

Levels and vault maps discovered:
D:1:      nicolae_arrival_memento_mori, layout_basic, nrook_loot_triangle,
          minmay_lizard_pond
D:2:      layout_rooms
D:3:      layout_rooms, serial_shops, nicolae_shop_waterfront, shop,
          nicolae_shop_stone, nicolae_square_shop, shop,
          chequers_ecumenical_altar_lobes, grunt_ministairs_15

Skill      XL: |  1  2  3 |
---------------+----------+-----
Fighting       | 4 |  4.3
Armour         | 4 |  4.3
Shields        | 4 |  4.2
Long Blades    | 3 |  3.2
Dodging        | |  0.5
Stealth        | |  0.1

Action                   |  1- 3 |  4- 6 || total
-------------------------+-------+-------++-------
Melee: Long sword        |    70 |     1 ||    71
       Headbutt          |     9 |       ||     9
  Use: Scroll            |     2 |       ||     2
Armor: Scale mail        |    53 |       ||    53
Dodge: Dodged            |    57 |     1 ||    58
Block: Buckler           |    29 |       ||    29
